 Dungeon Crawl Stone Soup version 0.26.1-2-gb8aa6d0cf2 (webtiles) character file.

Game seed: 14266394972513009894

9098 windgrace the Quickloader (level 11, -2/69 HPs)
             Began as a Kobold Hunter on Feb 8, 2021.
             Was a Priest of Cheibriados.
             Slain by a five-headed hydra (12 damage)
             ... on level 1 of the Lair of Beasts.
             The game lasted 01:42:20 (12195 turns).

windgrace the Quickloader (Kobold Hunter)          Turns: 12195, Time: 01:42:21

Health: -2/69      AC:  7    Str: 22    XL:     11   Next: 68%
Magic:  8/11       EV: 19    Int: 21    God:    Cheibriados [***...]
Gold:   682        SH: 15    Dex: 25    Spells: 10/10 levels left

rFire    + + .     SeeInvis .   q - +2 dagger (venom)
rCold    + . .     Faith    .   P - +3 kite shield
rNeg     + . .     Spirit   .   i - +1 leather armour "Koeligo" {rElec rF+ Int+3 Slay+3}
rPois    .         Reflect  .   e - +0 helmet
rElec    +         Harm     .   C - scarf {rC+ rF+}
rCorr    .         Rampage  .   (no gloves)
Will     .....                  T - +0 pair of boots
Stlth    +++++.....             t - amulet of regeneration
HPRegen  0.61/turn              y - ring of positive energy
MPRegen  0.12/turn              j - +6 ring of strength

@: very slow
A: small, nightstalker 3
a: Renounce Religion, Bend Time, Temporal Distortion


You were on level 1 of the Lair of Beasts.
You worshipped Cheibriados.
Cheibriados was most pleased with you.
You visited 3 branches of the dungeon, and saw 11 of its levels.
You also visited: Ossuary.

You collected 682 gold pieces.

Inventory:

Hand Weapons
 a - a +4 hand crossbow
 b - a +0 hand crossbow
 q - a +2 dagger of venom (weapon)
 w - a +1 dagger of holy wrath
 Y - the +9 shortbow of Grandeur {flame, Dex+3, unknown}
   (You found it on level 7 of the Dungeon)

   It causes projectiles fired from it to burn those they strike, causing extra
   injury to most foes and up to half again as much damage against particularly
   susceptible opponents.
   It affects your dexterity (+3).
 Z - a +1 hunting sling of flaming
Missiles
 d - 15 bolts
 z - 58 arrows
 D - a throwing net
 E - 13 poisoned darts (quivered)
Armour
 e - a +0 helmet (worn)
 i - the +1 leather armour "Koeligo" (worn) {rElec rF+ Int+3 Slay+3}
   (You found it on level 7 of the Dungeon)

   It affects your intelligence (+3).
   It affects your accuracy and damage with ranged weapons and melee attacks
   (+3).
   It protects you from fire.
   It insulates you from electricity.
 n - a +0 hat
 C - a scarf of resistance (worn)
 P - a +3 kite shield (worn)
 R - a +3 leather armour
 T - a +0 pair of boots (worn)
Magical Staves
 X - an uncursed staff of earth
Jewellery
 c - an uncursed ring of wizardry
 j - a +6 ring of strength (right hand)
 p - an uncursed ring of magical power
 t - an amulet of regeneration (around neck)
 y - a ring of positive energy (left hand)
 G - an uncursed ring of see invisible
Wands
 s - a wand of digging (6)
 V - a wand of iceblast (7)
Scrolls
 k - 3 scrolls of remove curse
 u - a scroll of amnesia
 x - 2 scrolls of identify
 F - a scroll of random uselessness
 K - 3 scrolls of teleportation
 S - a scroll of fog
Potions
 f - 2 potions of lignification
 g - a potion of might
 h - a potion of invisibility {unknown}
 l - a potion of cancellation {unknown}
 m - 2 potions of ambrosia {unknown}
 o - a potion of magic {unknown}
 r - 2 potions of flight {unknown}
 B - 2 potions of attraction


   Skills:
 + Level 8.6 Fighting
 + Level 9.5 Short Blades
 + Level 1.8 Polearms
 + Level 10.7 Crossbows
 + Level 1.3 Throwing
 + Level 4.6 Armour
 + Level 7.1 Dodging
 + Level 6.2 Stealth
 + Level 4.7 Shields
 + Level 1.1 Invocations
 + Level 1.4 Evocations


You had 10 spell levels left.
You didn't know any spells.
Your spell library contained the following spells:

 Spells                   Type           Power        Failure   Level
 Ignite Poison            Fire/Tmut/Pois 0%           95%         3
 Fireball                 Conj/Fire      0%           100%        5
 Starburst                Conj/Fire      0%           100%        6
 Ignition                 Fire           0%           100%        8


Dungeon Overview and Level Annotations

Branches:
Dungeon (8/15)             Temple (1/1) D:6            Lair (2/6) D:8
 Shoals (0/4) Lair:2      Ossuary (visited)
  Snake: Lair:2-4    Spider: Lair:2-4

Altars:
Ashenzari
Cheibriados
Dithmenos
Elyvilon
Fedhas
Gozag
Hepliaklqana
Kikubaaqudgha
Makhleb
Nemelex Xobeh
Okawaru
Qazlal
Ru
Trog
Uskayaw
Vehumet
Wu Jian
Xom
Yredelemnul
Zin
The Shining One

Shops:
D:7 *


Innate Abilities, Weirdness & Mutations

You are small and have problems with some larger weapons.
You are completely attuned to the shadows.


Message History

* * * LOW HITPOINT WARNING * * *
The five-headed hydra misses you.
You block the five-headed hydra's attack.
You puncture the five-headed hydra!
The five-headed hydra is severely wounded.
You puncture the five-headed hydra!
The five-headed hydra is severely wounded.
The five-headed hydra closely misses you.
The five-headed hydra bites you but does no damage.
You block the five-headed hydra's attack.
The five-headed hydra bites you!
* * * LOW HITPOINT WARNING * * *
You block the five-headed hydra's attack.
You puncture the five-headed hydra!
The five-headed hydra is almost dead.
You hit the five-headed hydra.
The five-headed hydra is almost dead.
You block the five-headed hydra's attack. x2
The five-headed hydra bites you!
You die...

### #.............# ####.##
####.............# #.....#
#................. #.....#
#..†.............. ##.....#
#.......)........(
#......####.................
##.....#.##.................
#.###.....>.†..........####
### #....D@...†.........#
#..................##
#..................#
#..................#
#####..................#
#.......P###......####.#
##.......## #......# ###
#P.......# ##......# #
##.......# #.......# #


You could see a five-headed hydra (poisoned).

Vanquished Creatures
  A hydra (Lair:1)
  Joseph (D:7)
  3 cane toads (Lair:1)
  Maggie (D:6)
  A rime drake (Lair:1)
  7 blink frogs (Lair:1)
  13 yaks
  5 water moccasins (Lair:1)
  2 ice beasts
  An orc warrior (D:6)
  2 sky beasts
  A phantom (D:6)
  4 ogres
  2 elf zombies (Ossuary)
  5 bullfrogs
  A scorpion (D:7)
  4 wights (D:7)
  5 centaur zombies (Ossuary)
  A bullfrog zombie (D:7)
  3 hounds
  5 human zombies (Ossuary)
  3 orc priests (D:6)
  A jelly (D:7)
  An iguana (D:6)
  4 orc wizards
  6 worker ants
  2 hound skeletons
  4 mummies
  3 adders (D:2)
  4 gnolls
  2 white imps (D:7)
  An ufetubus (D:5)
  2 oozes
  An adder zombie (D:5)
  4 worms
  4 dart slugs
  5 leopard geckos
  22 orcs
  4 giant cockroaches
  8 goblins
  9 hobgoblins
  11 jackals
  3 quokkas
  3 bats
  4 frilled lizards
  A jackal zombie (D:6)
  8 kobolds
  5 rats
  A toadstool (D:7)
194 creatures vanquished.

Vanquished Creatures (collateral kills)
  3 yaks (Lair:1)
  A scorpion (D:5)
  A hound (D:5)
  An adder (D:5)
  2 orcs (D:5)
8 creatures vanquished.

Vanquished Creatures (others)
  An orc (D:5)
  21 fungi
  16 plants
  4 toadstools (D:7)
42 creatures vanquished.

Grand Total: 244 creatures vanquished

Notes
Turn   | Place    | Note
-------+----------+-------------------------------------------
     0 | D:1      | windgrace the Kobold Hunter began the quest for the Orb.
     0 | D:1      | Reached XP level 1. HP: 12/12 MP: 1/1
    30 | D:1      | Reached skill level 5 in Crossbows
   347 | D:1      | Reached XP level 2. HP: 17/17 MP: 2/2
  1226 | D:2      | Reached XP level 3. HP: 22/22 MP: 3/3
  1499 | D:2      | Reached skill level 6 in Crossbows
  1499 | D:2      | Reached XP level 4. HP: 22/27 MP: 4/4
  2919 | D:3      | Reached XP level 5. HP: 32/32 MP: 5/5
  3515 | D:4      | Noticed an ogre
  3518 | D:4      | Killed an ogre
  3519 | D:4      | Reached skill level 1 in Polearms
  3519 | D:4      | Reached skill level 1 in Armour
  3519 | D:4      | Reached XP level 6. HP: 37/37 MP: 6/6
  4245 | D:4      | Reached skill level 7 in Crossbows
  4395 | D:5      | Entered Level 5 of the Dungeon
  4509 | D:5      | Got a crystal longbow
  4538 | D:5      | Found a sand-covered staircase.
  4549 | D:5      | Reached XP level 7. HP: 27/41 MP: 7/7
  4556 | Ossuary  | Entered an ossuary
  4683 | Ossuary  | Reached skill level 1 in Short Blades
  5168 | Ossuary  | Reached XP level 8. HP: 48/48 MP: 8/8
  5811 | D:5      | Reached skill level 5 in Stealth
  6116 | D:5      | Reached skill level 5 in Fighting
  6116 | D:5      | Reached skill level 5 in Short Blades
  6735 | D:5      | Found a sparkling altar of Nemelex Xobeh.
  6744 | D:5      | Found an ornate altar of the Wu Jian Council.
  6770 | D:5      | Found a bloodstained altar of Trog.
  7300 | D:6      | Found a sacrificial altar of Ru.
  7318 | D:6      | Found a stormy altar of Qazlal.
  7321 | D:6      | Found a staircase to the Ecumenical Temple.
  7331 | Temple   | Entered the Ecumenical Temple
  7564 | Temple   | Became a worshipper of Cheibriados the Contemplative
  7822 | D:6      | Reached XP level 9. HP: 46/54 MP: 9/9
  8206 | D:6      | Noticed Maggie
  8227 | D:6      | Killed Maggie
  8228 | D:6      | Reached skill level 8 in Crossbows
  8410 | D:7      | Found Lodwusom's Lightly-Used Armoury.
  8412 | D:7      | Noticed Joseph
  8422 | D:7      | Killed Joseph
  8422 | D:7      | Reached * piety under Cheibriados
  8423 | D:7      | Reached skill level 5 in Dodging
  8423 | D:7      | Reached skill level 1 in Shields
  8552 | D:7      | Found a hide-covered altar of Uskayaw.
  8590 | D:7      | Got a bloodstained shortbow
  8841 | D:7      | Reached skill level 9 in Crossbows
  9179 | D:7      | Got a steaming leather armour
  9190 | D:7      | Identified the +1 leather armour "Koeligo" {rElec rF+ Int+3
                  | Slay+3} (You found it on level 7 of the Dungeon)
  9309 | D:7      | Reached XP level 10. HP: 60/60 MP: 10/10
  9364 | D:7      | Found a basalt altar of Yredelemnul.
  9374 | D:7      | Found an iron altar of Okawaru.
  9837 | D:7      | Found a broken altar of Ashenzari.
  9945 | D:8      | Reached ** piety under Cheibriados
 10291 | D:8      | Found a staircase to the Lair.
 10295 | Lair:1   | Entered Level 1 of the Lair of Beasts
 10452 | Lair:1   | Noticed a seven-headed hydra
 10472 | Lair:1   | HP: 3/61 [seven-headed hydra (9)]
 10475 | Lair:1   | Killed a seven-headed hydra
 10630 | Lair:1   | Noticed a cane toad
 10637 | Lair:1   | Killed a cane toad
 10670 | Lair:1   | Reached skill level 10 in Crossbows
 10927 | Lair:1   | Reached skill level 1 in Evocations
 10928 | Lair:1   | Reached XP level 11. HP: 42/68 MP: 11/11
 11841 | Lair:2   | Reached *** piety under Cheibriados
 11855 | Lair:2   | Reached skill level 1 in Invocations
 11873 | Lair:2   | Reached skill level 1 in Throwing
 11961 | Lair:2   | Noticed a seven-headed hydra
 12149 | Lair:2   | Noticed a five-headed hydra
 12195 | Lair:1   | Slain by a five-headed hydra

Illustrated notes

Levels and vault maps discovered:
D:1:      erik_arrival_blinker_ship, layout_basic
D:2:      layout_loops_corners
D:3:      layout_loops_cross
D:4:      layout_basic, minivault_23
D:5:      layout_basic, grunt_temple_overflow_open, gup_ossuary_entry_pyramid
D:6:      layout_rooms, nicolae_ru_path_of_blood, minmay_temple_entry_overgrown,
          serial_aquarium, aquarium_bridge_island_large
          [aquarium_subvault_large_open, aquarium_subvault_balcony,
          aquarium_subvault_bridge, aquarium_subvault_bridge,
          aquarium_subvault_wall], aquarium_window_fake, aquarium_window_fake,
          aquarium_window_1, aquarium_window_1, aquarium_view_2c,
          aquarium_view_2e, aquarium_pool_five, supply_closet_lemuel,
          nicolae_qazlal_general_emergency, uniq_maggie
D:7:      layout_loops_ring, kennysheep_little_box,
          eat_drink_and_be_merry_uskayaw, minitemple, grunt_decor_clamped,
          minmay_gold_behind_fungi, minmay_shop_damaged, grunt_decor_fettered,
          uniq_joseph
D:8:      minmay_cornered_nines, layout_basic, lair_entry_dummy
Temple:   dshaligram_water_room_temple
Lair:1:   wander_river, layout_cellular_growth
Lair:2:   layout_chaotic_city, shoals_dummy_entry, uniq_nergalle, uniq_sonja

Skill      XL: |  1  2  3  4  5  6  7  8  9 10 11 |
---------------+----------------------------------+-----
Crossbows      | 5 6 7 9 10 | 10.7
Fighting       | 3 4 5 6 8 |  8.6
Polearms       | 1 |  1.8
Armour         | 1 2 3 4 |  4.6
Stealth        | 2 3 4 5 6 |  6.2
Short Blades   | 3 5 7 8 9 |  9.5
Dodging        | 3 4 5 6 7 |  7.1
Shields        | 1 2 4 |  4.7
Evocations     | 1 |  1.4
Invocations    | 1 |  1.1
Throwing       | 1 |  1.3

Action                   |  1- 3 |  4- 6 |  7- 9 | 10-12 || total
-------------------------+-------+-------+-------+-------++-------
Melee: Trident           |       |    56 |       |       ||    56
       Short sword       |       |    19 |       |       ||    19
       Dagger            |       |    71 |   356 |   208 ||   635
 Fire: Hand crossbow     |    46 |    50 |    85 |    58 ||   239
Throw: Dart              |       |     5 |       |     1 ||     6
       Throwing net      |       |     1 |       |       ||     1
Invok: Bend Time         |       |       |       |     2 ||     2
Evoke: Wand              |     3 |       |       |     1 ||     4
  Use: Scroll            |     2 |     4 |    11 |     8 ||    25
       Potion            |       |     4 |     8 |    12 ||    24
 Stab: Sleeping          |       |    14 |     7 |       ||    21
       Distracted        |       |     1 |       |       ||     1
Armor: Leather armour    |    12 |    17 |    39 |    22 ||    90
       Skin              |       |       |       |    28 ||    28
Dodge: Dodged            |    20 |   101 |   159 |    86 ||   366
Block: Kite shield       |       |       |    44 |   154 ||   198
